[Event "55th Rubinstein Memorial-C 2019"]
[Site "Polanica-Zdroj"]
[Date "2019.08.24"]
[Round "8.33"]
[White "Rosa, Antoni"]
[Black "Topola, Rafal"]
[Result "0-1"]
[ECO "A37"]
[WhiteElo "1528"]
[BlackElo "1660"]
[Annotator "NA"]
[PlyCount "74"]
[EventDate "2019.08.17"]
[EventType "swiss"]
[EventCountry "POL"]
[SourceTitle "playchess.com"]
[Source "ChessBase"]
[SourceQuality "1"]
[TimeControl "40/5400+30:1800+30"]

1. c4 c5 2. Nf3 Nc6 3. g3 g6 4. Bg2 Bg7 5. Nc3 e5 6. O-O Nge7 7. d3 O-O 8. a3 d6 9. Bd2 Be6 10. Rb1 a5 11. Nb5 Rb8 12. Ng5 Bf5 13. Ne4 Bxe4 14. Bxe4 d5 15. cxd5 Nxd5 16. Nc3 Nde7 17. Be3 b6 18. Qd2 Qd7 19. Bh6 Rfd8 20. Bxg7 Kxg7 21. Bxc6 Nxc6 22. f4 Qd4+ 23. Kh1 c4 24. fxe5 cxd3 25. exd3 Nxe5 26. Qg5 Nxd3 27. Kg2 Qe5 28. Qxe5+ Nxe5 29. Rbe1 Rd2+ 30. Kh3 Nc6 31. Rb1 Re8 32. Rf4 g5 33. Rf5 Re5 34. Rxe5 Nxe5 35. Ne4 g4+ 36. Kh4 f5 37. Nxd2 Kh6 {Kh3} 0-1

[Event "55th Rubinstein Memorial-C 2019"]
[Site "Polanica-Zdroj"]
[Date "2019.08.25"]
[Round "9.1"]
[White "Majek, Kacper"]
[Black "Janzer, Hubert"]
[Result "0-1"]
[ECO "C00"]
[WhiteElo "1984"]
[BlackElo "1803"]
[Annotator "NA"]
[PlyCount "84"]
[EventDate "2019.08.17"]
[EventType "swiss"]
[EventCountry "POL"]
[SourceTitle "playchess.com"]
[Source "ChessBase"]
[SourceQuality "1"]
[TimeControl "40/5400+30:1800+30"]

1. e4 e6 2. d3 d5 3. Nd2 c5 4. Ngf3 Nc6 5. g3 g6 6. Bg2 Bg7 7. O-O Nge7 8. Re1 b6 9. Qe2 Qc7 10. Nf1 d4 11. e5 Bb7 12. N1d2 b5 13. a4 a6 14. axb5 axb5 15. Rxa8+ Bxa8 16. Nb3 Qb6 17. h4 h6 18. Nbd2 Qc7 19. g4 Nd5 20. Nf1 h5 21. gxh5 Rxh5 22. Ng3 Rh8 23. Bd2 Bb7 24. Bg5 Bh6 25. Bxh6 Rxh6 26. Qd2 Rh8 27. Qg5 Nce7 28. Nd2 Qa5 29. Nge4 Rh5 30. Nd6+ Kd7 31. Nxb7 Qc7 32. Nxc5+ Qxc5 33. Qg4 Qxc2 34. Nf3 Qxb2 35. Nxd4 Nf5 36. Nxf5 Rxf5 37. Qg3 Nf4 38. Qe3 Nxg2 39. Kxg2 Ke7 40. Qc5+ Ke8 41. Re4 f6 42. exf6 Rxc5 0-1

[Event "55th Rubinstein Memorial-C 2019"]
[Site "Polanica-Zdroj"]
[Date "2019.08.25"]
[Round "9.2"]
[White "Mike, Patryk"]
[Black "Sroka, Janusz"]
[Result "1-0"]
[ECO "B07"]
[WhiteElo "1840"]
[BlackElo "1875"]
[Annotator "NA"]
[PlyCount "85"]
[EventDate "2019.08.17"]
[EventType "swiss"]
[EventCountry "POL"]
[SourceTitle "playchess.com"]
[Source "ChessBase"]
[SourceQuality "1"]
[TimeControl "40/5400+30:1800+30"]

1. e4 d6 2. d4 Nf6 3. Nc3 c6 4. Nf3 Bg4 5. h3 Bxf3 6. gxf3 Nbd7 7. Bg2 Qb6 8. Ne2 e5 9. c3 Be7 10. b3 Qc7 11. f4 $11 O-O-O 12. Be3 Rhe8 13. Qc2 Kb8 14. O-O-O g6 15. fxe5 dxe5 16. dxe5 Nxe5 17. f4 Ned7 18. Kb1 Bc5 19. Bc1 Qb6 20. Rhf1 Be3 21. Bxe3 Qxe3 22. Rd4 Nd5 23. Rd3 Nc5 24. Rxe3 Nxe3 25. Qc1 Nxg2 26. Rg1 Nh4 27. e5 Nd3 28. Qe3 Nf5 29. Qf3 Nc5 30. Nd4 Nxd4 31. cxd4 Ne6 32. Rd1 Nxd4 33. Qg4 h5 34. Qh4 Kc7 35. Qf6 Rd7 36. Rxd4 Rxd4 37. Qxf7+ Kd8 38. Qxg6 Re7 39. f5 c5 40. f6 Re8 41. f7 Rf8 42. Qg7 Ke7 43. Qf6+ 1-0

[Event "55th Rubinstein Memorial-C 2019"]
[Site "Polanica-Zdroj"]
[Date "2019.08.25"]
[Round "9.3"]
[White "Andrushchiak, Maxim"]
[Black "Kaliszuk, Kamil"]
[Result "1-0"]
[ECO "D01"]
[WhiteElo "1826"]
[BlackElo "1853"]
[Annotator "NA"]
[PlyCount "133"]
[EventDate "2019.08.17"]
[EventType "swiss"]
[EventCountry "POL"]
[SourceTitle "playchess.com"]
[Source "ChessBase"]
[SourceQuality "1"]
[TimeControl "40/5400+30:1800+30"]

1. d4 Nf6 2. Nc3 d5 3. Bg5 h6 4. Bxf6 exf6 5. e3 c6 6. Bd3 Nd7 7. Nf3 g6 8. O-O f5 9. Ne2 Bd6 10. b3 Nf6 11. c4 O-O 12. Nc3 Bd7 13. cxd5 Nxd5 14. Nxd5 cxd5 15. Qd2 Re8 16. Ne1 f4 17. exf4 Qf6 $11 18. f5 g5 19. Nc2 Bxf5 20. Bxf5 Qxf5 21. Ne3 Qd7 22. Qa5 Red8 23. g3 Bc7 24. Qd2 Kh8 25. Qd3 Qe6 26. Nf5 Qe4 27. Qxe4 dxe4 28. Nxh6 Kg7 29. Rac1 Bb6 30. Nf5+ Kg6 31. g4 Bxd4 32. Rfe1 e3 33. Nxe3 Bxe3 34. Rxe3 Rac8 35. Rxc8 Rxc8 36. Re7 Rb8 37. Kg2 a5 38. Kg3 b6 39. Rc7 f6 40. Rc6 Rb7 41. h4 gxh4+ 42. Kxh4 Rh7+ 43. Kg3 Rb7 44. Kf4 Kg7 45. Kf5 Rd7 46. Rxf6 Rd5+ 47. Ke4 Rd2 48. g5 Rxa2 49. f4 b5 50. Rb6 b4 51. Kf5 Ra3 52. Rb7+ Kf8 53. Kf6 Ke8 54. Ra7 Rxb3 55. Rxa5 Rc3 56. Rb5 b3 57. Rb7 Rc6+ 58. Kf5 Rc5+ 59. Kg4 Rc3 60. f5 Rc4+ 61. Kh5 Rc5 62. Kg6 Kf8 63. Rxb3 Rc6+ 64. f6 Rc8 65. Rb7 Kg8 66. Rg7+ Kh8 67. Rh7+ 1-0

[Event "55th Rubinstein Memorial-C 2019"]
[Site "Polanica-Zdroj"]
[Date "2019.08.25"]
[Round "9.4"]
[White "Szczesniak, Andrzej"]
[Black "Szydelko, Michal"]
[Result "1-0"]
[ECO "D37"]
[WhiteElo "1954"]
[BlackElo "1752"]
[Annotator "NA"]
[PlyCount "85"]
[EventDate "2019.08.17"]
[EventType "swiss"]
[EventCountry "POL"]
[SourceTitle "playchess.com"]
[Source "ChessBase"]
[SourceQuality "1"]
[TimeControl "40/5400+30:1800+30"]

1. d4 d5 2. c4 e6 3. Nc3 Nf6 4. Nf3 Be7 5. Bf4 O-O 6. e3 b6 7. cxd5 exd5 8. Bd3 Bb7 9. O-O Nbd7 10. h3 c5 11. Rc1 Rc8 12. Qe2 c4 13. Bb1 a6 14. a4 Bc6 15. Ne5 $14 Nxe5 16. dxe5 Nd7 17. Rcd1 Nc5 18. Bf5 Ra8 19. Bc2 Rc8 20. Bf5 Ra8 21. Bg3 g6 22. Bc2 Rc8 23. Nxd5 Bxd5 24. e4 Nd3 25. exd5 Nxb2 26. Rb1 Ba3 27. d6 b5 28. e6 fxe6 29. Qxe6+ Rf7 30. Be4 Qd7 31. Bd5 Qxe6 32. Bxe6 Rd8 33. Rfe1 Nd3 34. Bxf7+ Kxf7 35. Re7+ Kg8 36. axb5 c3 37. Rc7 Bc5 38. b6 c2 39. Rf1 Rf8 40. b7 a5 41. Rc8 Ba7 42. d7 c1=Q 43. Rxf8+ 1-0

[Event "55th Rubinstein Memorial-C 2019"]
[Site "Polanica-Zdroj"]
[Date "2019.08.25"]
[Round "9.5"]
[White "Kroliczek, Gabriela"]
[Black "Bartoszewicz, Marcin"]
[Result "1/2-1/2"]
[ECO "B53"]
[WhiteElo "1787"]
[BlackElo "1950"]
[Annotator "NA"]
[PlyCount "73"]
[EventDate "2019.08.17"]
[EventType "swiss"]
[EventCountry "POL"]
[SourceTitle "playchess.com"]
[Source "ChessBase"]
[SourceQuality "1"]
[TimeControl "40/5400+30:1800+30"]

1. e4 c5 2. Nf3 d6 3. d4 cxd4 4. Qxd4 Nc6 5. Bb5 Bd7 6. Bxc6 Bxc6 7. Nc3 Nf6 8. Bg5 e6 9. O-O-O Be7 10. Kb1 Qa5 11. Rhe1 O-O 12. Qd2 Kh8 13. Nd4 Rac8 {[%emt 0:02:36] B53: Sicilian: 2...d6: Lines with Qxd4} (13... Rfd8 14. f4 h6 15. Bxf6 Bxf6 16. g4 Qc5 17. f5 Bxd4 18. Qxd4 Qxd4 19. Rxd4 Rd7 20. a4 Rad8 21. b4 b6 {½-½ (31) Ghaem Maghami,E (2537)-Nguyen,N (2618) Hamedan 2018}) 14. f3 d5 $146 ({Predecessor:} 14... a6 15. h4 b5 16. g4 Bb7 17. Be3 Nd7 18. Bg5 Nf6 19. Be3 Nd7 {½-½ (19) Boros,D (2469)-Torres Rosas,L (2331) South Padre Island 2014}) 15. e5 Ng8 16. Bxe7 Nxe7 17. h4 Qc5 18. Qg5 Be8 19. h5 h6 20. Qd2 b5 (20... Nc6 $1 $14) 21. g4 b4 $16 22. Nce2 Ng8 23. f4 Qe7 24. Ng3 Bd7 25. f5 Qg5 26. Nge2 Qxd2 27. Rxd2 Ne7 28. Rf1 Rfe8 29. f6 gxf6 30. Rxf6 Kg7 31. g5 Ng8 32. gxh6+ Nxh6 33. Nf4 Kh7 34. Nf3 Rg8 35. Nh3 Rg4 36. Nfg5+ Kg7 37. Rdf2 1/2-1/2

[Event "55th Rubinstein Memorial-C 2019"]
[Site "Polanica-Zdroj"]
[Date "2019.08.25"]
[Round "9.6"]
[White "Kardys, Zbigniew"]
[Black "Witkowski, Krzysztof"]
[Result "1/2-1/2"]
[ECO "B76"]
[WhiteElo "1949"]
[BlackElo "1707"]
[Annotator "NA"]
[PlyCount "60"]
[EventDate "2019.08.17"]
[EventType "swiss"]
[EventCountry "POL"]
[SourceTitle "playchess.com"]
[Source "ChessBase"]
[SourceQuality "1"]
[TimeControl "40/5400+30:1800+30"]

1. e4 c5 2. Nf3 Nc6 3. Nc3 g6 4. d4 cxd4 5. Nxd4 Bg7 6. Be3 d6 7. Qd2 Nf6 8. f3 O-O 9. O-O-O Qa5 10. Kb1 Nxd4 11. Bxd4 Nd7 12. Nd5 Qd8 13. Bxg7 Kxg7 14. h4 h6 15. h5 g5 16. f4 gxf4 17. Qxf4 Ne5 18. g4 f6 19. Rg1 Kh7 20. Be2 Be6 21. Rg3 Rc8 22. Rd2 Qd7 23. Ne3 Rg8 24. Nf5 Rg5 25. a3 Rc5 26. Qe3 b6 27. Qd4 Nc6 28. Qe3 Ne5 29. Qd4 Nc6 30. Qe3 Ne5 1/2-1/2

[Event "55th Rubinstein Memorial-C 2019"]
[Site "Polanica-Zdroj"]
[Date "2019.08.25"]
[Round "9.7"]
[White "Matuszczyk, Mateusz"]
[Black "Tokmantsev, Ivan"]
[Result "1/2-1/2"]
[ECO "C13"]
[WhiteElo "1808"]
[BlackElo "1918"]
[Annotator "NA"]
[PlyCount "74"]
[EventDate "2019.08.17"]
[EventType "swiss"]
[EventCountry "POL"]
[SourceTitle "playchess.com"]
[Source "ChessBase"]
[SourceQuality "1"]
[TimeControl "40/5400+30:1800+30"]

1. e4 e6 2. d4 d5 3. Nc3 Nf6 4. Bg5 Be7 5. e5 Nfd7 6. h4 h6 7. Bxe7 Qxe7 8. Qd2 $146 {[%emt 0:00:33] C14: French: Classical System: 4 Bg5 Be7 main line} (8. Nb5 Nb6 9. c3 a6 10. Na3 c5 11. Nc2 Nc6 12. Ne2 Bd7 13. Nf4 O-O-O 14. g3 Kb8 15. Nd3 Na4 {0-1 (48) Maze,S (2602)-Nisipeanu,L (2674) Germany 2019}) ({Predecessor:} 8. f4 a6 9. Nf3 c5 {½-½ (66) Ojeda Venegas,T (1972)-Grospietro,P (1608) Montevideo 2017}) 8... a6 9. f4 c5 10. Nf3 Nc6 11. O-O-O b5 12. dxc5 Nxc5 13. Nd4 Bb7 14. Nxc6 Bxc6 15. Ne2 Ne4 16. Qe3 b4 17. Nd4 Bd7 18. Bd3 Nc5 19. g4 h5 20. Rdg1 $16 hxg4 21. Rxg4 g6 22. h5 gxh5 23. Rxh5 Nxd3+ 24. Qxd3 Rxh5 25. Rg8+ Qf8 26. Rxf8+ Kxf8 27. Qf3 Rh8 28. f5 Rh6 29. Qg2 Rc8 30. f6 Rg6 31. Qf2 Ba4 32. b3 Bb5 33. Qd2 Rc3 34. Kb2 Bf1 35. Qf4 Bd3 36. cxd3 Rg2+ 37. Kb1 Rg1+ {[%emt 0:00:10] Nxe6+} 1/2-1/2

[Event "55th Rubinstein Memorial-C 2019"]
[Site "Polanica-Zdroj"]
[Date "2019.08.25"]
[Round "9.8"]
[White "Pyka, Roman"]
[Black "Budzisz, Adrian"]
[Result "1-0"]
[ECO "A39"]
[WhiteElo "1860"]
[BlackElo "1631"]
[Annotator "NA"]
[PlyCount "47"]
[EventDate "2019.08.17"]
[EventType "swiss"]
[EventCountry "POL"]
[SourceTitle "playchess.com"]
[Source "ChessBase"]
[SourceQuality "1"]
[TimeControl "40/5400+30:1800+30"]

1. Nf3 c5 2. c4 Nf6 3. Nc3 Nc6 4. g3 g6 5. Bg2 Bg7 6. O-O O-O 7. d4 cxd4 8. Nxd4 e6 9. Ndb5 {[%emt 0:00:53] A39: Symmetrical English vs ...g6: 4 Bg2 Bg7 5 Nf3 Nf6 6 0-0 0-0 7 d4} Ne8 10. Bf4 Ne5 11. b3 $146 ({Predecessor:} 11. c5 a6 12. Na3 d6 13. Na4 Rb8 14. Bxe5 Bxe5 15. Nc4 Bf6 16. Nab6 d5 {0-1 (35) Timchenko,A (2110)-Frolochkin,V St Petersburg 2002}) 11... a6 12. Nd4 Nc6 13. Nxc6 bxc6 14. Rc1 d5 15. cxd5 cxd5 16. Nxd5 exd5 17. Qxd5 Be6 18. Qxa8 Qa5 19. Qc6 $18 Qxa2 20. Bd5 Bh3 21. Rc2 Qa3 22. Rd1 h6 23. Be3 Qa5 24. Bb6 1-0

[Event "55th Rubinstein Memorial-C 2019"]
[Site "Polanica-Zdroj"]
[Date "2019.08.25"]
[Round "9.9"]
[White "Talik, Patryk"]
[Black "Rylski, Tadeusz"]
[Result "1-0"]
[ECO "D10"]
[WhiteElo "1975"]
[BlackElo "1616"]
[Annotator "NA"]
[PlyCount "103"]
[EventDate "2019.08.17"]
[EventType "swiss"]
[EventCountry "POL"]
[SourceTitle "playchess.com"]
[Source "ChessBase"]
[SourceQuality "1"]
[TimeControl "40/5400+30:1800+30"]

1. d4 d5 2. c4 c6 3. cxd5 cxd5 4. Nc3 Nf6 5. Bg5 e6 6. Nf3 Nc6 7. e3 Be7 8. Rc1 O-O 9. Bd3 Bd7 10. O-O Rc8 11. Qe2 {[%emt 0:03:24] D13: Slav Defence: Exchange variation without ...Bf5} (11. Bb1 Ne8 12. Qd3 g6 13. h4 Nd6 14. Rfd1 Nc4 15. Qe2 Bxg5 16. hxg5 Qb6 17. Na4 Qd8 18. Nc5 Nd6 {1-0 (43) Sarana,A (2630)-Zierk,S (2510) chess.com INT 2019}) 11... h6 12. Bh4 Ne8 13. Bg3 $146 ({Predecessor:} 13. Bxe7 Nxe7 14. Ne5 Nd6 15. f4 Be8 16. Rf3 f6 17. Ng4 f5 18. Ne5 {½-½ (27) Wielsch,K (2167)-Voelker,S (2078) Oberwinden 2007}) 13... Bd6 14. Ne5 Bxe5 15. dxe5 Nc7 16. Bb1 Ne7 17. Rfd1 a6 18. Bh4 Qe8 19. Rd4 Nb5 20. Rg4 Ng6 21. Bg3 Nxc3 22. bxc3 Bb5 23. Qc2 $14 Rc4 24. Rxc4 Bxc4 25. h4 f5 26. exf6 Rxf6 27. h5 Nf8 28. Qd1 e5 29. e4 Qf7 30. exd5 Bxd5 31. Qe2 Nd7 32. c4 Bc6 33. Rd1 Re6 34. Bg6 Qe7 35. Qd2 Nf8 36. Bf5 Rf6 37. Bh4 Qf7 38. Bxf6 Qxf6 39. Qd3 Qh4 40. Re1 Qg5 41. Be4 Qxh5 42. Bxc6 bxc6 43. Qe4 Ng6 44. Qxc6 Qg5 45. Qa8+ Kh7 46. Qe4 Qe7 47. Rb1 Qc5 48. Rb3 Qd6 49. Rd3 Qf6 50. Rg3 h5 51. c5 Kh6 52. Rxg6+ 1-0

[Event "55th Rubinstein Memorial-C 2019"]
[Site "Polanica-Zdroj"]
[Date "2019.08.25"]
[Round "9.10"]
[White "Szydelko, Kazimierz"]
[Black "Rakita, Efim"]
[Result "0-1"]
[ECO "D63"]
[WhiteElo "1717"]
[BlackElo "1960"]
[Annotator "NA"]
[PlyCount "78"]
[EventDate "2019.08.17"]
[EventType "swiss"]
[EventCountry "POL"]
[SourceTitle "playchess.com"]
[Source "ChessBase"]
[SourceQuality "1"]
[TimeControl "40/5400+30:1800+30"]

1. d4 d5 2. Nf3 Nf6 3. c4 e6 4. Nc3 Be7 5. Bg5 O-O 6. e3 Nbd7 7. Rc1 c6 8. cxd5 Nxd5 9. Bxe7 Qxe7 10. Bd3 Nxc3 11. Rxc3 e5 {[%emt 0:00:22] D53: Queen's Gambit Declined: 4 Bg5 Be7: Early deviations} 12. Qc2 h6 (12... g6 13. O-O Re8 14. dxe5 Nxe5 15. Nxe5 Qxe5 16. Rc5 {½-½ (16) Gershon,A (2540)-Meijers,V (2483) Linares 2001}) 13. O-O Re8 14. dxe5 Nxe5 15. Nxe5 Qxe5 16. Qb3 $146 ({Predecessor:} 16. Kh1 Kh8 17. Qb3 Re7 18. Bc4 Be6 19. Bxe6 Qxe6 20. Qxe6 Rxe6 21. Rd1 Re7 22. Rd6 Kg8 {1-0 (48) Bromberger,S (2310)-Schneider,R (2190) Regensburg 1997}) 16... Rb8 17. Bc4 Be6 18. Rd1 Red8 19. Bxe6 Qxe6 20. Rcd3 Rxd3 21. Rxd3 Qxb3 22. Rxb3 Rd8 23. Kf1 Rd7 24. Ke2 $11 Kf8 25. Rd3 Rc7 26. Rd8+ Ke7 27. Rd4 c5 28. Rd3 c4 29. Rc3 Kd6 30. e4 b5 31. Rg3 f6 32. f4 Kc5 33. Ke3 Rd7 34. Rg6 b4 35. e5 fxe5 36. fxe5 c3 37. e6 c2 38. exd7 c1=Q+ 39. Ke4 Qc4+ 0-1

[Event "55th Rubinstein Memorial-C 2019"]
[Site "Polanica-Zdroj"]
[Date "2019.08.25"]
[Round "9.11"]
[White "Kolodziejski, Piotr"]
[Black "Simon, Marek"]
[Result "1/2-1/2"]
[ECO "B18"]
[WhiteElo "1701"]
[BlackElo "1879"]
[Annotator "NA"]
[PlyCount "85"]
[EventDate "2019.08.17"]
[EventType "swiss"]
[EventCountry "POL"]
[SourceTitle "playchess.com"]
[Source "ChessBase"]
[SourceQuality "1"]
[TimeControl "40/5400+30:1800+30"]

1. e4 c6 2. d4 d5 3. Nc3 dxe4 4. Nxe4 Bf5 5. Ng3 Bg6 6. Nh3 Nf6 7. Nf4 e5 8. Nxg6 hxg6 9. dxe5 Qa5+ 10. Bd2 Qxe5+ 11. Qe2 Qxe2+ 12. Bxe2 Nbd7 13. O-O-O Bc5 14. f4 Nd5 15. Bf3 N7f6 16. Rde1+ Kd7 17. Ne4 Nxe4 18. Rxe4 b5 19. h3 Nf6 20. Re2 Rae8 21. Rhe1 Rxe2 22. Rxe2 Bd6 23. Be3 Kc7 24. c4 bxc4 25. Rc2 Nd5 26. Bd2 Nb6 27. a4 Nxa4 28. Rxc4 Nc5 29. Kc2 Rc8 30. b4 Ne6 31. Rxc6+ Kd7 32. Rxc8 Kxc8 33. Bd5 Kd7 34. Kd3 Nxf4+ 35. Bxf4 Bxf4 36. Bxf7 g5 37. Kc4 Kc7 38. b5 Be5 39. Kd5 Bf6 40. Be8 Kb6 41. Bc6 Be7 42. Be8 Bf6 43. Bc6 1/2-1/2

[Event "55th Rubinstein Memorial-C 2019"]
[Site "Polanica-Zdroj"]
[Date "2019.08.25"]
[Round "9.12"]
[White "Myrmus, Mateusz"]
[Black "Sypien, Natan"]
[Result "1/2-1/2"]
[ECO "C56"]
[WhiteElo "1598"]
[BlackElo "1819"]
[Annotator "NA"]
[PlyCount "60"]
[EventDate "2019.08.17"]
[EventType "swiss"]
[EventCountry "POL"]
[SourceTitle "playchess.com"]
[Source "ChessBase"]
[SourceQuality "1"]
[TimeControl "40/5400+30:1800+30"]

1. e4 e5 2. Bc4 Nf6 3. d4 exd4 4. Nf3 Nc6 5. O-O Nxe4 6. Re1 d5 7. Bxd5 Qxd5 8. Nc3 Qh5 9. Nxe4 Be6 10. Bg5 Bd6 11. Nxd6+ cxd6 12. Bf4 Qd5 13. c3 Kd7 14. Qa4 b5 15. Qa3 g5 16. Bg3 g4 17. Nxd4 Nxd4 18. cxd4 h5 19. Bh4 a5 20. Rac1 Rhe8 21. Qc3 Rec8 22. Qd2 Rxc1 23. Rxc1 Rc8 24. Rxc8 Kxc8 25. Qxa5 Qxa2 26. Qxb5 Qb1+ 27. Qf1 Qxb2 28. Bf6 Kd7 29. Qd1 Qb3 30. Qa1 Qa2 1/2-1/2

[Event "55th Rubinstein Memorial-C 2019"]
[Site "Polanica-Zdroj"]
[Date "2019.08.25"]
[Round "9.13"]
[White "Karnasiewicz, Robert"]
[Black "Mytnik, Kinga"]
[Result "1/2-1/2"]
[ECO "A00"]
[WhiteElo "1803"]
[BlackElo "1620"]
[Annotator "NA"]
[PlyCount "179"]
[EventDate "2019.08.17"]
[EventType "swiss"]
[EventCountry "POL"]
[SourceTitle "playchess.com"]
[Source "ChessBase"]
[SourceQuality "1"]
[TimeControl "40/5400+30:1800+30"]

1. c3 d6 2. g3 Nf6 3. Bg2 e5 4. c4 c6 5. d4 e4 6. d5 cxd5 7. cxd5 Bf5 8. Nc3 Qe7 9. Nh3 h6 10. O-O Qd7 11. Qa4 Qxa4 12. Nxa4 Nxd5 13. Rd1 Nf6 14. Bf4 d5 15. Nc3 Be6 16. Nb5 Na6 17. Rac1 Bc5 18. a3 O-O 19. b4 Be7 20. Be3 b6 21. Nf4 Rfd8 22. Nxe6 fxe6 23. Nd4 e5 24. Nc6 Re8 25. Nxe5 Bxb4 26. axb4 Rxe5 27. b5 Nc5 28. Bxc5 bxc5 29. Rxc5 Re6 30. Bh3 Rb6 31. e3 Kf8 32. Bf1 Rab8 33. Ra1 R8b7 34. Rc8+ Ke7 35. Ra8 Ne8 36. R1xa7 Nd6 37. Rxb7+ Rxb7 38. Ra1 Nxb5 39. Bxb5 Rxb5 40. Ra7+ Kf6 41. Kg2 h5 42. h3 g5 43. Ra6+ Kg7 44. Re6 g4 45. h4 Ra5 46. Re5 Kg6 47. Rg5+ Kh6 48. Re5 Kg6 49. Re6+ Kg7 50. Rd6 Rb5 51. Ra6 Rc5 52. Kf1 Rb5 53. Ra2 Rb3 54. Ke2 Kf6 55. Ra6+ Kg7 56. Ra5 Rd3 57. Ra7+ Kf6 58. Rh7 Kg6 59. Rd7 Kf6 60. Rd6+ Kg7 61. Re6 Kh7 62. Re5 Kg6 63. Rg5+ Kh6 64. Rf5 Kg6 65. Re5 Kh6 66. Rg5 d4 67. Rd5 dxe3 68. Rxd3 exd3+ 69. Kxe3 Kg6 70. Kxd3 Kf6 71. Kd4 Kf5 72. Kd5 Kf6 73. Ke4 Ke6 74. Kd3 Kf6 75. Kd4 Kf5 76. Ke3 Ke5 77. f4+ gxf3 78. Kxf3 Kf5 79. Ke3 Ke5 80. Ke2 Ke4 81. Kf2 Ke5 82. Ke3 Kf5 83. Kf3 Ke5 84. g4 hxg4+ 85. Kxg4 Kf6 86. h5 Kg7 87. Kg5 Kh7 88. h6 Kg8 89. Kg6 Kh8 90. h7 1/2-1/2

[Event "55th Rubinstein Memorial-C 2019"]
[Site "Polanica-Zdroj"]
[Date "2019.08.25"]
[Round "9.14"]
[White "Zalega, Maciej"]
[Black "Gajzner, Ryszard"]
[Result "1/2-1/2"]
[ECO "B36"]
[WhiteElo "1429"]
[BlackElo "1740"]
[Annotator "NA"]
[PlyCount "155"]
[EventDate "2019.08.17"]
[EventType "swiss"]
[EventCountry "POL"]
[SourceTitle "playchess.com"]
[Source "ChessBase"]
[SourceQuality "1"]
[TimeControl "40/5400+30:1800+30"]

1. e4 c5 2. Nf3 g6 3. d4 cxd4 4. Nxd4 Nc6 5. c4 Nf6 6. Nc3 d6 7. Be2 Nxd4 8. Qxd4 Bg7 9. Be3 O-O 10. Qd2 Qa5 11. Rc1 Be6 12. f3 Rfc8 13. b3 a6 14. Na4 Qxd2+ 15. Kxd2 Nd7 16. g4 f5 17. exf5 gxf5 18. h3 Rf8 19. f4 Rad8 20. Bd3 h6 21. Rce1 fxg4 22. Bb6 Nxb6 23. Nxb6 Rf6 24. f5 Bxf5 25. Nd5 Bxd3 26. Nxf6+ Bxf6 27. Kxd3 gxh3 28. Rxh3 Bg5 29. Rf1 Kg7 30. Kd4 Rc8 31. b4 Kg6 32. c5 dxc5+ 33. bxc5 Rd8+ 34. Kc4 e5 35. Rd3 Rc8 36. Rd6+ Kh5 37. Rf5 e4 38. Re5 e3 39. Kb4 Kg4 40. Rd7 Kf4 41. Re6 Kf3 42. Rf7+ Kg2 43. Rxb7 Rf8 44. c6 Kf1 45. c7 e2 46. Rb8 Bd2+ 47. Kc4 Rf3 48. Rb1+ Kf2 49. Kd5 Rd3+ 50. Ke4 Rc3 51. c8=Q Rxc8 52. Rf6+ Kg3 53. Rg6+ Bg5 54. Re6 Rc3 55. Kd4 Rc2 56. Rxa6 Kf2 57. a3 e1=Q 58. Rxe1 Kxe1 59. Ke4 Rf2 60. Rb6 Bd2 61. a4 Rf4+ 62. Kd3 Rxa4 63. Rb1+ Kf2 64. Kxd2 h5 65. Rb8 Rd4+ 66. Kc3 Rd5 67. Kc4 Rd1 68. Rh8 Rh1 69. Kd4 h4 70. Ke4 h3 71. Kf4 Kg2 72. Rg8+ Kh2 73. Kf3 Rf1+ 74. Ke2 Ra1 75. Kf2 Ra2+ 76. Kf1 Rg2 77. Rf8 Ra2 78. Rf2+ 1/2-1/2

[Event "55th Rubinstein Memorial-C 2019"]
[Site "Polanica-Zdroj"]
[Date "2019.08.25"]
[Round "9.15"]
[White "Musial, Igor"]
[Black "Filipska, Maja"]
[Result "0-1"]
[ECO "B01"]
[WhiteElo "1717"]
[BlackElo "1605"]
[Annotator "NA"]
[PlyCount "126"]
[EventDate "2019.08.17"]
[EventType "swiss"]
[EventCountry "POL"]
[SourceTitle "playchess.com"]
[Source "ChessBase"]
[SourceQuality "1"]
[TimeControl "40/5400+30:1800+30"]

1. e4 d5 2. exd5 Nf6 3. d4 Nxd5 4. Nf3 Bg4 5. c4 Nb6 6. c5 N6d7 7. Bc4 e6 8. Qb3 Nc6 9. Nbd2 Rb8 10. Bb5 Bxf3 11. Nxf3 Ne7 12. O-O c6 13. Bc4 Ng6 14. Bg5 Be7 15. Qe3 O-O 16. Bxe7 Qxe7 17. Rfe1 h6 18. Nd2 Nf6 19. Ne4 Nxe4 20. Qxe4 Qf6 21. Rad1 Rfd8 22. Qg4 Ne7 23. Qg3 Rbc8 24. Qe5 Nd5 25. Qxf6 Nxf6 26. g3 Rd7 27. Rd3 Rcd8 28. Red1 Nd5 29. a3 Ne7 30. g4 Ng6 31. f3 Nf4 32. R3d2 e5 33. Kf2 Rxd4 34. Rxd4 Rxd4 35. Rxd4 exd4 36. b4 Kf8 37. h4 g5 38. hxg5 hxg5 39. a4 a6 40. b5 cxb5 41. axb5 axb5 42. Bxb5 Ne6 43. c6 bxc6 44. Bxc6 Nf4 45. Be4 Ke7 46. Ke1 Kd6 47. Kd2 Ke5 48. Ba8 Ne6 49. Kd3 Nc5+ 50. Kd2 Kf4 51. Bd5 f6 52. Ba8 Nd7 53. Ke2 Kg3 54. Kd3 Ne5+ 55. Kxd4 Nxf3+ 56. Ke3 Nh4 57. Ke2 Kxg4 58. Kf2 f5 59. Bb7 Kh3 60. Kg1 g4 61. Bc6 g3 62. Bb7 g2 63. Bc6 Kg3 0-1

[Event "55th Rubinstein Memorial-C 2019"]
[Site "Polanica-Zdroj"]
[Date "2019.08.25"]
[Round "9.16"]
[White "Binkowska, Agata"]
[Black "Brzozowski, Pawel"]
[Result "1-0"]
[ECO "C02"]
[WhiteElo "1896"]
[BlackElo "1496"]
[Annotator "NA"]
[PlyCount "139"]
[EventDate "2019.08.17"]
[EventType "swiss"]
[EventCountry "POL"]
[SourceTitle "playchess.com"]
[Source "ChessBase"]
[SourceQuality "1"]
[TimeControl "40/5400+30:1800+30"]

1. e4 e6 2. d4 d5 3. e5 c5 4. c3 Nc6 5. Nf3 Qb6 6. Bd3 Bd7 7. O-O cxd4 8. cxd4 Nxd4 9. Nxd4 Qxd4 10. Qe2 Ne7 11. Kh1 Nc6 12. f4 Bc5 13. a3 a6 14. Nc3 Ba7 15. Bd2 O-O-O 16. b4 Qb6 17. Na4 Qc7 18. Rfc1 Kb8 19. b5 axb5 20. Bxb5 Rc8 21. Rab1 Ka8 22. Qe1 b6 23. Be3 Qb7 24. Bxc6 Rxc6 25. Rxc6 Qxc6 26. Nxb6+ Bxb6 27. Rxb6 Qa4 28. Rb4 Qa6 29. Rb6 Qa4 30. Qe2 Qc4 31. Qb2 Rc8 32. h3 d4 33. Qxd4 Qxd4 34. Bxd4 Rb8 35. Rd6 Rb7 36. Kh2 Kb8 37. Bc5 Bb5 38. Rd8+ Kc7 39. Rg8 Kc6 40. Bb4 f5 41. Rh8 g6 42. Kg3 Kd5 43. Kf3 Rd7 44. Ke3 Kc4 45. Bd6 Bc6 46. g4 Rb7 47. Bb4 Rd7 48. Rc8 Kd5 49. Kf3 Bb7 50. Rc1 Kd4+ 51. Kg3 Bd5 52. Kh4 Ke4 53. Rf1 Bc4 54. Rf2 h6 55. gxf5 Kxf5 56. Bd6 Ra7 57. Kg3 Ra4 58. Rd2 Bd5 59. Bb4 Ra6 60. Bf8 g5 61. fxg5 hxg5 62. Bd6 Ra4 63. Rf2+ Kg6 64. Bb4 Ra8 65. Rf6+ Kh5 66. Bf8 g4 67. h4 Rxa3+ 68. Bxa3 Be4 69. Rxe6 Bc6 70. Bc1 1-0

[Event "55th Rubinstein Memorial-C 2019"]
[Site "Polanica-Zdroj"]
[Date "2019.08.25"]
[Round "9.17"]
[White "Pisarek, Elzbieta"]
[Black "Obrochta, Lena"]
[Result "0-1"]
[ECO "B43"]
[WhiteElo "1581"]
[BlackElo "1870"]
[Annotator "NA"]
[PlyCount "86"]
[EventDate "2019.08.17"]
[EventType "swiss"]
[EventCountry "POL"]
[SourceTitle "playchess.com"]
[Source "ChessBase"]
[SourceQuality "1"]
[TimeControl "40/5400+30:1800+30"]

1. e4 c5 2. Nf3 e6 3. d4 cxd4 4. Nxd4 a6 5. Nc3 Qc7 6. Bd3 Nf6 7. O-O Be7 8. Kh1 O-O 9. f4 d6 10. Qe2 Nc6 11. Nxc6 bxc6 12. e5 Nd5 13. Nxd5 cxd5 14. Rf3 g6 15. Rh3 Re8 16. Bd2 Bf8 17. Re1 Bd7 18. Qe3 Bb5 19. Bc3 Bc6 20. exd6 Qd8 21. d7 Bxd7 22. Rxh7 Kxh7 23. Qe5 f6 24. Qh5+ Kg8 25. Bxg6 Bg7 26. Qh7+ Kf8 27. Bxe8 Qxe8 28. Bb4+ Kf7 29. Qh5+ Kg8 30. Qf3 Rc8 31. Qf2 Qg6 32. c3 e5 33. fxe5 fxe5 34. Ba5 Rf8 35. Qc5 Bc6 36. Qg1 d4 37. cxd4 exd4 38. Bb4 Rb8 39. a3 a5 40. Qf1 axb4 41. Qc4+ Kh8 42. Qe2 Re8 43. Qxe8+ Bxe8 0-1